 Dungeon Crawl Stone Soup version 0.30-a0-476-g330ca2eb8e (webtiles) character file.

Game seed: 12435393718177823832

30 Raultor the Insei (level 3, -7/23 HPs)
             Began as an Octopode Transmuter on Dec 21, 2022.
             Mangled by Sigmund
             ... wielding a +0 scythe
              (12 damage)
             ... on level 2 of the Dungeon.
             The game lasted 00:02:12 (1142 turns).

Raultor the Insei (Octopode Transmuter)             Turns: 1142, Time: 00:02:13

Health: -7/23      AC:  1    Str:  8 (9)  XL:     3   Next: 18%
Magic:  6/6        EV: 13    Int: 14 (17) God:
Gold:   67         SH:  0    Dex: 10 (12) Spells: 3/6 levels left

rFire   . . .      SeeInvis .      - Unarmed
rCold   . . .      Faith    .    (no shield)
rNeg    . . .      Spirit   .    (helmet currently unavailable)
rPois   .          Reflect  .    (no amulet)
rElec   .          Harm     .    (no ring)
rCorr   .          Rampage  .    (no ring)
Will    .....                    (no ring)
Stlth   ++........               (no ring)
HPRegen 0.23/turn                (no ring)
MPRegen 0.10/turn                (no ring)
                                 (no ring)
                                 (no ring)

@: appendages, wereblooded (expiring), attractive
A: tentacle spike 3, almost no armour, amphibious, 8 rings, camouflage 1,
gelatinous body 1, (nimble swimmer 1), tentacles
a: End Transformation


You were on level 2 of the Dungeon.
One of your tentacles had grown a beastly spike.
You visited 1 branch of the dungeon, and saw 2 of its levels.

You collected 67 gold pieces.


Innate Abilities, Weirdness & Mutations

One of your tentacles has grown a beastly spike.
You cannot wear most types of armour.
You are amphibious.
You can wear up to eight rings at the same time.
Your skin changes colour to match your surroundings (Stealth+).
Your rubbery body absorbs attacks. (AC +1, EV +1)
((You are camouflaged when in or above water. (Stealth+)))
You have tentacles for arms and can constrict up to eight enemies at once.


   Skills:
 - Level 1.0 Fighting
 - Level 2.0 Dodging
 - Level 3.0 Unarmed Combat
 - Level 2.0 Spellcasting
 * Level 2.8 Transmutations
 * Level 1.8 Ice Magic


You had 3 spell levels left.
You knew the following spells:

 Your Spells              Type           Power      Damage    Failure   Level
b - Beastly Appendage     Tmut           18%        N/A       8%          1
w - Wereblood             Tmut           9%         N/A       11%         2

Your spell library contained the following spells:

 Spells                   Type           Power      Damage    Failure   Level
 Spider Form              Tmut/Pois      5%         N/A       36%         3
 Ice Form                 Ice/Tmut       7%         N/A       65%         4

Inventory:

Scrolls
 b - 3 scrolls of identify {unknown}
 c - a scroll of poison {unknown}
 g - a scroll of blinking {unknown}
 i - a scroll of teleportation {unknown}
Potions
 a - a potion of lignification
 d - 3 potions of mutation {unknown}
 f - a potion of ambrosia

Dungeon Overview and Level Annotations

Branches:
Dungeon (2/15)

Altars:

Annotations:
D:2 Sigmund

#...####.....#.#.#.####.......g.
#........###....................
#....#### #####.#####......?.!.
#....# #...................
..#### ###.########..........
.## ######...# ##.....>....
....##......##### #..@........
###.............#####.#.#.#####.
##.########.@{....#.#... #
######......##.. . #...##... #
.. ..### ### . ...# #.## #. #.


There were no monsters in sight!


Message History

You feel less invigorated.
You feel less confused. The quokka closely misses you.
Casting: Beastly Appendage (safe; 8% risk of failure)
Press: ? - help, Q - select action, (/) - cycle Dir - look around, f - activate One of your tentacles grows a vicious spike.
The quokka barely misses you.
Okay, then.
You barely miss the quokka. You grab the quokka.
The quokka is almost dead.
You constrict the quokka.
You kill the quokka!
You tentacle-slap the ball python. Your grab misses the ball python.
Your squeeze misses the ball python.
The ball python is severely wounded.
The ball python barely misses you. x2; Something barely misses you.
You closely miss the ball python. You grab the ball python.
You pierce the ball python.
You kill the ball python!
Something is attracted toward you.
You miss something. Something hits you!
You barely miss something. Something hits you.
* * * LOW HITPOINT WARNING * * *
You miss something.
Your primal bloodlust is almost over.
You tentacle-slap something. Something hits you.
* * * LOW HITPOINT WARNING * * *
You tentacle-slap something. Something hits you!
Ouch! That really hurt!
You die...

Skill      XL: |  1 |
---------------+----+-----
Ice Magic      | 1 |  1.8
Fighting       | |  1.0
Dodging        | |  2.0
Unarmed Combat | |  3.0
Spellcasting   | |  2.0
Transmutations | |  2.8

Action                   || total
-------------------------++-------
Melee: Unarmed           ||    57
       Constrict         ||    16
       Tentacles         ||    11
       Kick              ||     7
       Punch             ||     3
 Cast: Beastly Appendage ||     7
       Wereblood         ||     1
  Use: Potion            ||     3
 Stab: Sleeping          ||     4
Armor: Skin              ||     4
Dodge: Dodged            ||    45

Levels and vault maps discovered:
D:1:      nzn_arrival_water_spiral, layout_basic
D:2:      layout_rooms, basic_altar, serial_glass, glass_columns_a,
          glass_columns_b, minmay_strange_pillars, uniq_sigmund

Notes
Turn   | Place    | Note
-------+----------+-------------------------------------------
     0 | D:1      | Raultor the Octopode Transmuter began the quest for the
                  | Orb.
     0 | D:1      | Reached XP level 1. HP: 13/13 MP: 3/3
   146 | D:1      | HP: 1/13 [frozen (5)]
   208 | D:1      | Reached skill level 1 in Ice Magic
   208 | D:1      | Reached XP level 2. HP: 18/18 MP: 3/5
   255 | D:1      | Learned a level 2 spell: Wereblood
  1010 | D:2      | Reached XP level 3. HP: 23/23 MP: 4/6
  1113 | D:2      | Noticed Sigmund
  1142 | D:2      | Mangled by Sigmund

Vanquished Creatures
  A worm (D:2)
  3 dart slugs
  2 ball pythons
  A bat (D:1)
  2 endoplasms (D:1)
  A giant cockroach (D:2)
  4 hobgoblins
  2 quokkas
  A frilled lizard (D:1)
  A kobold (D:2)
  A rat (D:1)
19 creatures vanquished.

Table legend: (Time is in decaauts)
 A = Elapsed time spent in this place.
 B = Non-inter-level travel time spent in this place.
 C = Inter-level travel time spent in this place.
 D = Time resting spent in this place.
 E = Time spent auto-exploring this place.
 F = Levels seen in this place.
 G = Mean time per level.
                   A        B        C        D        E       F      G
               +--------+--------+--------+--------+--------+-----+--------+
         Total |   1139 |   1120 |     19 |      0 |    929 |   2 |  569.5 |
       Dungeon |   1139 |   1120 |     19 |      0 |    929 |   2 |  569.5 |
               +--------+--------+--------+--------+--------+-----+--------+

Top non-repeatable levels by time:
     D:1: 974 daAuts
     D:2: 164 daAuts

Table legend:
 A = Non-vault XP
 B = Vault XP
 C = Vault XP percentage of total XP
 D = Non-vault monster count
 E = Vault monster count
 F = Vault count percentage of total count
                 A         B        C        D         E       F
            +---------+---------+-------+---------+---------+-------
      Total |      43 |       0 |   0.0 |      19 |       0 |   0.0
            +---------+---------+-------+---------+---------+-------
        D:1 |      26 |       0 |   0.0 |      12 |       0 |   0.0
        D:2 |      17 |       0 |   0.0 |       7 |       0 |   0.0
            +---------+---------+-------+---------+---------+-------
